[Event "1000GM NY Winter IM-C 2024"]
[Site "New York"]
[Date "2024.01.14"]
[Round "6.4"]
[White "Ho, Carter"]
[Black "Almeida Saenz, Alfonso"]
[Result "1-0"]
[ECO "B61"]
[WhiteElo "2180"]
[BlackElo "2222"]
[Annotator "TA"]
[PlyCount "47"]
[EventDate "2024.01.10"]
[EventType "swiss"]
[EventCountry "USA"]
[SourceTitle "playchess.com"]
[Source "ChessBase"]
[SourceQuality "1"]
[TimeControl "5400+30"]

1. e4 c5 2. Nf3 Nc6 3. d4 cxd4 4. Nxd4 Nf6 5. Nc3 d6 6. Bg5 Bd7 7. Qd2 Nxd4 8. Qxd4 Qa5 9. f4 h6 10. Bxf6 gxf6 11. O-O-O Rc8 12. Kb1 Bg7 13. Be2 Qc5 {[%emt 0:00:23] OK} 14. Qd3 f5 {[%emt 0:00:24] [#] OK. White has an edge.} 15. e5 $1 {[%emt 0:00:16] Brilliant} O-O {[%emt 0:03:21] [#] OK} 16. g4 {[%emt 0:23:10] Mistake (0.6)} fxg4 17. Rhg1 {[%emt 0:02:34] OK} h5 {[%emt 0:01:56] Mistake (0.9)} (17... Kh8 $15) 18. Ne4 $14 {[%emt 0:04:19] OK} Qc6 {[%emt 0:01:11][%cal Rd6e5] Inaccurate} 19. h3 {[%emt 0:03:43] White is more active. Mistake (0.9)} (19. exd6 exd6 20. h4 Rfd8 $17 (20... gxh3 21. Nf6+ Kh8 22. Qh7#)) ({White should play} 19. Ng5 $16 f5 20. h3 (20. exd6 Qb6 $11) (20. exf6 Rxf6 21. h3 Bf5 $17) 20... dxe5 21. hxg4 exf4 (21... hxg4 22. Qxd7 exf4 23. Qxc6 $16) 22. Qb3+ (22. Qxd7 $2 {gets mated.} Qxc2+ 23. Ka1 Bxb2#) (22. gxh5 Kh8 $11) 22... Kh8 23. Rh1) 19... dxe5 $11 {[%emt 0:07:28] Best (Easy)} (19... gxh3 $2 {is the wrong capture.} 20. Nf6+ (20. exd6 h2 $18) (20. Ng5 f5 $18) 20... exf6 21. exf6 $18) 20. hxg4 $40 {[%emt 0:04:15][%mdl 128] Black needs to defend precisely. OK} exf4 {[%emt 0:05:07][%cal Oc6b6] Threatens to win with ...Qb6! Inaccurate} 21. Ng5 {[%emt 0:02:46][%csl Gg5][%cal Rd3h7] Best (Easy)} Rfd8 $2 {[%emt 0:00:26][%mdl 8192] Loses game (5.0)} ({Black should try} 21... Qh6 $1 $14 22. gxh5 Ba4) 22. Qh7+ $18 {[%emt 0:00:19] Best (Easy)} ({Less strong is} 22. gxh5 Qh6 $14) 22... Kf8 {[%emt 0:00:02] Loses game (5.4)} 23. gxh5 {[%emt 0:00:09][%cal Oh7h8] Qh8+! would kill now. Best (Easy)} Qf6 {[%emt 0:00:17][%csl Gg7][%cal Rf6b2] [#] Inaccurate} 24. Qh8+ $3 {[%emt 0:00:14][%mdl 33280] Weighted Error Value: White=0.23 (precise) /Black=0.87. Brilliant.  Loses game:     	---       	Black=2      Mistake:       	White=2     	Black=1      Inaccurate:     	---       	Black=3      OK:         	White=3     	Black=3      Best:        	White=3     	Black=1      Brilliant:      	White=2     	---       . Loss on time!?} 1-0

[Event "1000GM NY Winter IM-C 2024"]
[Site "New York"]
[Date "2024.01.14"]
[Round "6.5"]
[White "Tanenbaum, Zachary"]
[Black "Kovalchuk, Igor"]
[Result "0-1"]
[ECO "B06"]
[WhiteElo "2272"]
[BlackElo "2030"]
[Annotator "RC"]
[PlyCount "154"]
[EventDate "2024.01.10"]
[EventType "swiss"]
[EventCountry "USA"]
[SourceTitle "playchess.com"]
[Source "ChessBase"]
[SourceQuality "1"]
[TimeControl "5400+30"]

1. e4 g6 2. d4 Nf6 3. e5 Nh5 4. Nf3 d6 5. Bc4 d5 6. Bb3 c6 7. c4 Na6 8. Nc3 Nc7 9. h3 dxc4 10. Bxc4 Be6 11. Qb3 Bxc4 12. Qxc4 Nd5 13. e6 f6 14. O-O Ng7 15. Re1 Qd6 16. Ne4 Qxe6 17. Qc5 Kd7 18. Qa3 Kc8 19. b4 Nc7 20. Bf4 Qd5 21. Nc3 Qc4 22. Re4 Nd5 23. Nxd5 Qxd5 24. Ree1 a5 25. Rab1 e6 26. Rec1 Ra6 27. Rc5 Qe4 28. Qc1 axb4 29. Rc4 Qd5 30. Ne1 g5 31. Bd2 Nf5 32. Bxb4 Nxd4 33. Rb2 b5 34. Rxd4 Qxd4 35. Bxf8 Rxf8 36. Rxb5 Rd8 37. Rb1 Rb6 38. Rb3 Kc7 39. Re3 e5 40. Qc2 Rd7 41. Rd3 Qb4 42. Rxd7+ Kxd7 43. Qxh7+ Kc8 44. Qg8+ Kb7 45. Nf3 Qb1+ 46. Kh2 Qf5 47. Qf7+ Kb8 48. Qf8+ Kb7 49. Qf7+ Ka6 50. Qc4+ Ka7 51. Qc5 Qf4+ 52. Kh1 Kb7 53. Qe7+ Ka6 54. Qa3+ Kb5 55. Qd3+ Qc4 56. Qd2 Ka6 57. Qd6 Rb1+ 58. Ng1 Qc1 59. Qd3+ Ka5 60. Qd8+ Kb4 61. Qb6+ Ka3 62. Qa7+ Kb2 63. Kh2 Qxg1+ 64. Kg3 Qc1 65. Kg4 c5 66. a4 Ka3 67. a5 Rb4+ 68. Kf5 Rf4+ 69. Ke6 Qc4+ 70. Ke7 Qb5 71. Qa8 Ra4 72. Qf3+ Qb3 73. Qa8 c4 74. a6 c3 75. Qc6 Qc4 76. Qf3 Rxa6 77. Kf8 Ra7 0-1

[Event "1000GM NY Winter IM-C 2024"]
[Site "New York"]
[Date "2024.01.14"]
[Round "6.6"]
[White "Pagan, Jonathan"]
[Black "Mede, Istvan"]
[Result "0-1"]
[ECO "E94"]
[WhiteElo "2018"]
[BlackElo "2187"]
[Annotator "TA"]
[PlyCount "94"]
[EventDate "2024.01.10"]
[EventType "swiss"]
[EventCountry "USA"]
[SourceTitle "playchess.com"]
[Source "ChessBase"]
[SourceQuality "1"]
[TimeControl "5400+30"]

1. d4 Nf6 2. c4 g6 3. Nc3 Bg7 4. e4 d6 5. Nf3 O-O 6. Be2 Nbd7 7. O-O e5 8. Qc2 c6 9. d5 c5 10. Bg5 {[%emt 0:00:05] E94: King's Indian: Classical: 6 Be2 e5 7 0-0: Various Black 7th moves.} h6 11. Bd2 Ne8 12. Rae1 f5 $146 ({Predecessor:} 12... Ndf6 13. Kh1 a6 14. a3 Rb8 15. b4 b6 16. Rb1 Nh5 17. g3 Bg4 18. Ng1 Bxe2 19. Ngxe2 {1-0 Lever,E (2174)-Ventura Bolet,A (2245) Mediterranean-ch 13th 2023 (9)}) 13. exf5 gxf5 14. Kh1 Ndf6 15. g3 Nh7 (15... Ne4 {might work better.} 16. Nxe4 fxe4) 16. Nh4 $18 Bd7 17. f4 $2 (17. f3 $18) 17... e4 $14 18. Ng2 a6 (18... Bd4 $14) 19. Rg1 ({White should try} 19. g4 $1 $16) 19... b5 20. b3 (20. cxb5 $14 axb5 21. Bxb5) 20... b4 (20... Bd4 {keeps more tension.} 21. cxb5 Bxg1 22. Rxg1 axb5 23. Nxb5 Nhf6) 21. Nd1 Nef6 (21... Bd4 $11) 22. Nde3 $16 h5 23. h3 a5 (23... Ne8 $16) 24. Nh4 $18 Qc8 25. Qd1 a4 26. Bxh5 $2 ({Better is} 26. Rg2 $18) 26... axb3 27. axb3 Nxh5 $1 28. Qxh5 Rf6 $1 29. Qd1 (29. Qe2 $5 Rh6 $8 30. Bc1 $15) 29... Rh6 30. Re2 Bf6 31. Be1 Ra1 32. Qc2 Nf8 33. Rd2 (33. Bf2 $11) 33... Kf7 $15 34. Rd1 Ra3 35. Kh2 Bxh4 (35... Ng6 $17 36. Nhg2 Qh8) 36. gxh4 $14 Ng6 37. Qg2 $2 (37. Rg5 $1 $14) 37... Qh8 $1 $19 38. Rd2 $2 (38. Qg5 Ne7 39. Qg3 Rxb3 (39... Rg6 $2 40. Qf2 $19) 40. Rg2) 38... Rxb3 $19 39. h5 Rxe3 40. hxg6+ Kg7 41. Bg3 Rxg6 (41... Kxg6 $2 42. Bf2+ Kf7 43. Bxe3 $18) 42. Qf2 Rc3 43. Ra2 $2 (43. Bh4 Qh6 (43... Rxc4 $2 44. Rxg6+ Kf7 45. Rf6+ Ke8 46. Qg3 $18) 44. Ra2) 43... b3 $19 (43... Rxc4 44. Bh4 Rxg1 45. Qxg1+ Kh7 46. Qg5 $14) (43... e3 44. Qe2 Kf8 45. Be1 Rxg1 46. Ra8+ Be8 47. Bxc3 Qxc3 48. Kxg1 $17) 44. Qb2 Kf7 45. Ra8 Qd4 (45... Qxa8 46. Qxc3 Ba4 47. Ra1 $17) 46. Bf2 e3 (46... Qxc4 47. Rxg6 e3 (47... Kxg6 $2 48. Qa1 $18) 48. Rg7+ (48. Rxd6 $2 Ke7 $19) 48... Kxg7 49. Be1 Qxf4+ 50. Kg1 $18) 47. Rxg6 Kxg6 (47... exf2 $142 48. Qxc3 Qxc3 49. Rg1 fxg1=Q+ (49... fxg1=B+ {gets mated.} 50. Kxg1 Qg3+ 51. Kh1) 50. Kxg1 b2 (50... Qxh3 $2 51. Rb8 $19) (50... Qxc4 51. Ra7 Ke7 52. h4 Qxd5 53. Ra6 Bc6 54. Rxc6 Qxc6 55. Kf2 b2 56. h5 b1=Q 57. h6 Qc2+ 58. Kg3 Q6g2+ 59. Kh4 Qg4#) 51. Rb8 Qxc4 (51... Qxh3 52. Rxb2 Qe3+ 53. Kg2 $19) (51... Qc2 {leads to mate.} 52. Rb7 b1=R+ 53. Rxb1 Qxb1+ 54. Kf2 Qc2+ 55. Kg3 Ba4 56. h4 Qe2 57. h5 Bd1 58. h6 Qf3+ 59. Kh2 Qf2+ 60. Kh3 Bg4#) 52. Rb7 Qc1+ (52... Qxd5 {is a self mate.} 53. Rb8 Bc6 54. Rxb2 Qd4+ 55. Kf1 Qxb2 56. Ke1 Bf3 57. Kf1 Qg2+ 58. Ke1 Qe2#) (52... Qd4+ 53. Kh2 Qxf4+ 54. Kg2 Qe4+ 55. Kg1 b1=Q+ 56. Rxb1 Qxb1+ 57. Kh2 f4 58. Kg2 Qe1 59. h4) 53. Kg2 b1=Q (53... b1=B 54. Rxd7+ Ke8 55. Rg7 Qb2+ 56. Kg3 Qxg7+ 57. Kf3 Qb2 58. Ke3 Be4 59. h4 Bxd5 60. Kd3 Be4+ 61. Ke3 d5 62. h5 d4#) 54. Rxb1 Qxb1 55. Kf2 Bb5 56. h4 Qf1+ 57. Kg3 Be2 58. h5 Qf3+ (58... Bxh5 59. Kh4 Qf3 60. Kg5 Qg4+ 61. Kh6 Qg6#) (58... Qg1+ $2 59. Kh3 Bf1+ 60. Kh4 Qg4#) 59. Kh2 Qf2+ 60. Kh3 Bg4#) 0-1

[Event "1000GM NY Winter IM-C 2024"]
[Site "New York"]
[Date "2024.01.14"]
[Round "6.7"]
[White "Bonin, Jay"]
[Black "Gaw, Chloe"]
[Result "1-0"]
[ECO "D26"]
[WhiteElo "2166"]
[BlackElo "1928"]
[Annotator "RC"]
[PlyCount "121"]
[EventDate "2024.01.10"]
[EventType "swiss"]
[EventCountry "USA"]
[SourceTitle "playchess.com"]
[Source "ChessBase"]
[SourceQuality "1"]
[TimeControl "5400+30"]

1. d4 d5 2. Nf3 Nf6 3. c4 dxc4 4. e3 e6 5. Bxc4 c5 6. dxc5 Bxc5 7. Qxd8+ Kxd8 8. Ke2 Ke7 9. Nbd2 Nbd7 10. a3 b6 11. b4 Bd6 12. Bb2 Bb7 13. Rhc1 Rac8 14. Bd3 Bb8 15. g3 Rhd8 16. Nc4 g6 17. Nce5 Nxe5 18. Nxe5 Bxe5 19. Bxe5 Ng4 20. Rc7+ Rxc7 21. Bxc7 Rc8 22. Rc1 Ne5 23. e4 g5 24. Rc3 Nc6 25. b5 Rxc7 26. bxc6 Rxc6 27. Rxc6 Bxc6 28. e5 h6 29. f4 gxf4 30. gxf4 Bb7 31. Ke3 a6 32. Kd4 Kd7 33. Be2 Kc6 34. Bf3+ Kc7 35. Bh5 Kd7 36. Bxf7 Ke7 37. Bg6 Bc8 38. Be4 Bd7 39. Bd3 Bc8 40. Bc4 Kd7 41. Bd3 Ke7 42. h4 Kf7 43. Be4 Bd7 44. Bb7 Kg6 45. Bxa6 Kf5 46. Ke3 Kg4 47. Bc4 h5 48. Bb3 Bc8 49. Bd1+ Kg3 50. Bxh5 Kxh4 51. Bd1 Kg3 52. Be2 Bd7 53. Bc4 Kg4 54. a4 Bc8 55. Bb5 Kg3 56. Bc6 Kg4 57. Ke4 Kh5 58. f5 exf5+ 59. Kd5 f4 60. e6 f3 61. e7 1-0

[Event "1000GM NY Winter IM-C 2024"]
[Site "New York"]
[Date "2024.01.14"]
[Round "6.8"]
[White "Yudasin, Leonid"]
[Black "Mou, Iris"]
[Result "1-0"]
[ECO "B13"]
[WhiteElo "2353"]
[BlackElo "2128"]
[Annotator "RC"]
[PlyCount "121"]
[EventDate "2024.01.10"]
[EventType "swiss"]
[EventCountry "USA"]
[SourceTitle "playchess.com"]
[Source "ChessBase"]
[SourceQuality "1"]
[TimeControl "5400+30"]

1. e4 c6 2. d4 d5 3. exd5 cxd5 4. Bd3 Nf6 5. c3 Bg4 6. Qb3 Qc7 7. Ne2 Bxe2 8. Bxe2 Nbd7 9. Bg5 e6 10. Nd2 Bd6 11. Bh4 O-O 12. Bg3 Rab8 13. a4 a6 14. O-O Ne8 15. a5 Bxg3 16. hxg3 Nd6 17. Qc2 Rbc8 18. Bd3 f5 19. Rfc1 Ne4 20. c4 Qd6 21. Nf3 Kh8 22. Qb3 Rb8 23. Qa3 Qxa3 24. Rxa3 Rbc8 25. Raa1 Ndf6 26. Ne5 Nd2 27. Rc3 Nfe4 28. Bxe4 Nxe4 29. Rb3 dxc4 30. Rxb7 Rb8 31. Rb6 Rfc8 32. Nxc4 Ra8 33. b3 Rd8 34. Rd1 Nc3 35. Re1 Rxd4 36. Rbxe6 Ne4 37. g4 g6 38. gxf5 gxf5 39. Ne3 Nd6 40. Rd1 Nb5 41. Rxd4 Nxd4 42. Rb6 f4 43. Nd5 f3 44. gxf3 Nxf3+ 45. Kg2 Nd4 46. Nc7 Ra7 47. Ne6 Nxe6 48. Rxe6 Kg7 49. Rb6 Kf7 50. Kg3 Kg7 51. Kg4 Kf7 52. b4 Kg7 53. f4 Kf7 54. Kg5 Kg7 55. f5 Kf7 56. f6 Ra8 57. Rb7+ Kg8 58. Kh6 Rd8 59. Rg7+ Kf8 60. Rxh7 Rd4 61. Rb7 1-0

[Event "1000GM NY Winter IM-C 2024"]
[Site "New York"]
[Date "2024.01.14"]
[Round "6.9"]
[White "Hajnal, Zoltan"]
[Black "Venkatesh, Narayan"]
[Result "1/2-1/2"]
[ECO "C07"]
[WhiteElo "2383"]
[BlackElo "1965"]
[Annotator "RC"]
[PlyCount "83"]
[EventDate "2024.01.10"]
[EventType "swiss"]
[EventCountry "USA"]
[SourceTitle "playchess.com"]
[Source "ChessBase"]
[SourceQuality "1"]
[TimeControl "5400+30"]

1. e4 e6 2. d4 d5 3. Nd2 c5 4. exd5 Qxd5 5. dxc5 Nf6 6. Ngf3 Qxc5 7. Bd3 Nbd7 8. Qe2 Be7 9. Nb3 Qc7 10. Bg5 O-O 11. O-O-O b6 12. Kb1 Bb7 13. h4 Rac8 14. Bxf6 Nxf6 15. Nbd4 Bc5 16. c3 Rfd8 17. Rhe1 h6 18. g3 a5 19. Nb5 Qe7 20. a4 Bd5 21. Ne5 Bb3 22. Bc2 Bxc2+ 23. Kxc2 Nd5 24. Qf3 Qf6 25. Qxf6 gxf6 26. Nd3 Bf8 27. Kb3 f5 28. Ne5 Bc5 29. Nd3 Bf8 30. Ne5 Bc5 31. Nd3 Bf8 32. f3 Nf6 33. Ne5 Bc5 34. Na7 Rxd1 35. Rxd1 Ra8 36. Nac6 Bf2 37. Nd8 Bxg3 38. Ndxf7 Kf8 39. Rg1 Bf4 40. Rg6 Ke7 41. Rg7 Kf8 42. Rg1 1/2-1/2

[Event "1000GM NY Winter IM-C 2024"]
[Site "New York"]
[Date "2024.01.15"]
[Round "7.1"]
[White "Goktepe, Derin"]
[Black "Martin Del Campo Cardenas, Roberto Abel"]
[Result "1/2-1/2"]
[ECO "E60"]
[WhiteElo "2187"]
[BlackElo "2205"]
[Annotator "RC"]
[PlyCount "53"]
[EventDate "2024.01.10"]
[EventType "swiss"]
[EventCountry "USA"]
[SourceTitle "playchess.com"]
[Source "ChessBase"]
[SourceQuality "1"]
[TimeControl "5400+30"]

1. d4 d6 2. Nf3 Nf6 3. c4 g6 4. g3 Bg7 5. Bg2 O-O 6. O-O Nc6 7. d5 Na5 8. Nfd2 c5 9. a3 Ne8 10. Ra2 Qc7 11. Qc2 b5 12. b3 bxc4 13. Nxc4 Rb8 14. Nbd2 Ba6 15. Bb2 Nxc4 16. Nxc4 Bxc4 17. bxc4 Qb6 18. Bxg7 Nxg7 19. Raa1 Qa6 20. Be4 Rb6 21. Bd3 Nh5 22. Rfb1 Rfb8 23. Qc3 Nf6 24. Rxb6 Rxb6 25. Rb1 Rxb1+ 26. Bxb1 Nd7 27. Bd3 1/2-1/2

[Event "1000GM NY Winter IM-C 2024"]
[Site "New York"]
[Date "2024.01.15"]
[Round "7.2"]
[White "Yoo, Eugene"]
[Black "Rohde, Michael"]
[Result "1/2-1/2"]
[ECO "A34"]
[WhiteElo "2168"]
[BlackElo "2333"]
[Annotator "RC"]
[PlyCount "46"]
[EventDate "2024.01.10"]
[EventType "swiss"]
[EventCountry "USA"]
[SourceTitle "playchess.com"]
[Source "ChessBase"]
[SourceQuality "1"]
[TimeControl "5400+30"]

1. c4 c5 2. Nf3 Nf6 3. Nc3 Nc6 4. e3 e5 5. d4 cxd4 6. exd4 e4 7. Ng5 Bb4 8. d5 Ne5 9. Qd4 d6 10. Ngxe4 Nxe4 11. Qxe4 O-O 12. Be2 f5 13. Qc2 f4 14. Qb3 Qe8 15. f3 Nd3+ 16. Kf1 Bf5 17. Ne4 Bxe4 18. fxe4 Nxc1 19. Rxc1 Qxe4 20. Bf3 Qe3 21. Qxe3 fxe3 22. Ke2 Bd2 23. Rc2 Rac8 1/2-1/2

[Event "1000GM NY Winter IM-C 2024"]
[Site "New York"]
[Date "2024.01.15"]
[Round "7.3"]
[White "Almeida Saenz, Alfonso"]
[Black "Chabris, Christopher"]
[Result "1-0"]
[ECO "D03"]
[WhiteElo "2222"]
[BlackElo "2078"]
[Annotator "RC"]
[PlyCount "75"]
[EventDate "2024.01.10"]
[EventType "swiss"]
[EventCountry "USA"]
[SourceTitle "playchess.com"]
[Source "ChessBase"]
[SourceQuality "1"]
[TimeControl "5400+30"]

1. d4 Nf6 2. Bg5 e6 3. Nd2 h6 4. Bh4 d5 5. e3 c5 6. c3 Be7 7. Bd3 Nc6 8. Ngf3 O-O 9. O-O b6 10. Rc1 Bb7 11. Re1 Nd7 12. Bg3 c4 13. Bb1 f5 14. Qe2 Nf6 15. Ne5 Bd6 16. Ndf3 Bxe5 17. Nxe5 Nd7 18. Ng6 Rf7 19. Bh4 Qe8 20. f3 Nf8 21. Nxf8 Qxf8 22. e4 g5 23. Bg3 f4 24. exd5 exd5 25. Bf2 Re7 26. Qc2 Rae8 27. Qg6+ Kh8 28. Re6 Nd8 29. Qxh6+ Qxh6 30. Rxh6+ Kg8 31. Rg6+ Kf8 32. Rxg5 Re2 33. Bg6 R8e6 34. Bf5 Rf6 35. Rc2 Re7 36. Rh5 Ref7 37. Bg4 Ne6 38. Re2 1-0

[Event "1000GM NY Winter IM-C 2024"]
[Site "New York"]
[Date "2024.01.15"]
[Round "7.4"]
[White "Kovalchuk, Igor"]
[Black "Ho, Carter"]
[Result "1-0"]
[ECO "B45"]
[WhiteElo "2030"]
[BlackElo "2180"]
[Annotator "RC"]
[PlyCount "105"]
[EventDate "2024.01.10"]
[EventType "swiss"]
[EventCountry "USA"]
[SourceTitle "playchess.com"]
[Source "ChessBase"]
[SourceQuality "1"]
[TimeControl "5400+30"]

1. e4 c5 2. Nc3 Nc6 3. Nf3 e6 4. d4 cxd4 5. Nxd4 Nf6 6. Nxc6 bxc6 7. e5 Nd5 8. Ne4 Qc7 9. f4 Rb8 10. c3 f5 11. exf6 Nxf6 12. Nxf6+ gxf6 13. Qh5+ Kd8 14. Qh4 Be7 15. Qg3 d5 16. Qg7 Re8 17. Be2 e5 18. Rf1 Rb4 19. Kd1 Re4 20. Bd3 Ra4 21. b3 Qa5 22. b4 Qc7 23. fxe5 Qxe5 24. Kc2 Ba6 25. Bxa6 Rxa6 26. Qxh7 c5 27. bxc5 Bxc5 28. Bd2 Qe4+ 29. Qxe4 dxe4 30. Rf5 Re5 31. Rxe5 fxe5 32. a4 Rg6 33. g3 e3 34. Be1 Ke7 35. Rb1 Rg4 36. Rb7+ Ke6 37. Kb3 Kd5 38. h4 Ke4 39. h5 Kd3 40. h6 Rg8 41. h7 Rh8 42. g4 Ke2 43. Bh4 Kf3 44. g5 Kg4 45. g6 Kxh4 46. Kc2 Bf8 47. Rf7 Bh6 48. g7 Bxg7 49. Rxg7 e4 50. Kd1 Kh5 51. Ke2 a5 52. Kxe3 Kh6 53. Rg1 1-0

[Event "1000GM NY Winter IM-C 2024"]
[Site "New York"]
[Date "2024.01.15"]
[Round "7.5"]
[White "Mede, Istvan"]
[Black "Tanenbaum, Zachary"]
[Result "1/2-1/2"]
[ECO "C47"]
[WhiteElo "2187"]
[BlackElo "2272"]
[Annotator "RC"]
[PlyCount "141"]
[EventDate "2024.01.10"]
[EventType "swiss"]
[EventCountry "USA"]
[SourceTitle "playchess.com"]
[Source "ChessBase"]
[SourceQuality "1"]
[TimeControl "5400+30"]

1. e4 e5 2. Nf3 Nc6 3. Nc3 Nf6 4. d4 exd4 5. Nxd4 Nxe4 6. Nxc6 Nxc3 7. Nxd8 Nxd1 8. Nxf7 Kxf7 9. Bc4+ Kf6 10. Kxd1 c6 11. Re1 d5 12. Bd3 Bd6 13. h3 Bf5 14. Bxf5 Kxf5 15. Re3 Rhe8 16. Rf3+ Kg6 17. Bf4 Bxf4 18. Rxf4 Re5 19. Kd2 Rae8 20. Rf1 R8e7 21. a4 c5 22. b3 h5 23. g3 b6 24. h4 d4 25. Kd3 Rf5 26. Rxf5 Kxf5 27. f3 Re3+ 28. Kd2 g6 29. Rf2 Rc3 30. Rf1 c4 31. bxc4 Rxc4 32. a5 bxa5 33. Ra1 a4 34. Ra3 Ke5 35. Kd3 Kd5 36. g4 Kc5 37. gxh5 gxh5 38. f4 Kb5 39. Ra1 Rc3+ 40. Kxd4 Rxc2 41. Rb1+ Ka5 42. Rf1 a3 43. f5 a2 44. f6 Rf2 45. Ra1 Kb4 46. Ke3 Rxf6 47. Rxa2 a5 48. Rb2+ Kc3 49. Rb5 a4 50. Rxh5 Ra6 51. Rc5+ Kb2 52. Rb5+ Kc3 53. Rc5+ Kb3 54. Rb5+ Kc2 55. Rc5+ Kb3 56. Rb5+ Kc4 57. Rb1 Rf6 58. Rc1+ Kb3 59. Rb1+ Kc2 60. Ra1 Kb3 61. Rb1+ Kc3 62. Ra1 Kb4 63. Rb1+ Ka5 64. Kd3 a3 65. Kc3 Rf3+ 66. Kc2 Rh3 67. Rc1 Kb4 68. Kb1 Kb3 69. Ka1 Rxh4 70. Rb1+ Ka4 71. Rb8 1/2-1/2

[Event "1000GM NY Winter IM-C 2024"]
[Site "New York"]
[Date "2024.01.15"]
[Round "7.6"]
[White "Bonin, Jay"]
[Black "Pagan, Jonathan"]
[Result "1/2-1/2"]
[ECO "D39"]
[WhiteElo "2166"]
[BlackElo "2018"]
[Annotator "RC"]
[PlyCount "66"]
[EventDate "2024.01.10"]
[EventType "swiss"]
[EventCountry "USA"]
[SourceTitle "playchess.com"]
[Source "ChessBase"]
[SourceQuality "1"]
[TimeControl "5400+30"]

1. d4 Nf6 2. Nf3 d5 3. c4 e6 4. Nc3 Bb4 5. Bg5 dxc4 6. e4 h6 7. Bxf6 Qxf6 8. Qa4+ Nc6 9. Bxc4 Bd7 10. Qb3 O-O 11. O-O Qe7 12. Qc2 Ba5 13. a3 Bb6 14. Rad1 a6 15. Ba2 Na7 16. Bb1 g6 17. Rfe1 c5 18. d5 Ba5 19. Re3 Bxc3 20. Rxc3 exd5 21. Rxd5 b6 22. Qd2 Be6 23. Rdd3 Kg7 24. h3 Rad8 25. Rxd8 Rxd8 26. Rd3 Nc6 27. Qc3+ Qf6 28. Qxf6+ Kxf6 29. Rxd8 Nxd8 30. Kf1 Nc6 31. Ke2 Ne5 32. Nxe5 Kxe5 33. Ke3 g5 1/2-1/2

[Event "1000GM NY Winter IM-C 2024"]
[Site "New York"]
[Date "2024.01.15"]
[Round "7.7"]
[White "Gaw, Chloe"]
[Black "Yudasin, Leonid"]
[Result "1/2-1/2"]
[ECO "D35"]
[WhiteElo "1928"]
[BlackElo "2353"]
[Annotator "RC"]
[PlyCount "46"]
[EventDate "2024.01.10"]
[EventType "swiss"]
[EventCountry "USA"]
[SourceTitle "playchess.com"]
[Source "ChessBase"]
[SourceQuality "1"]
[TimeControl "5400+30"]

1. d4 Nf6 2. c4 e6 3. Nc3 d5 4. cxd5 exd5 5. Bg5 c6 6. e3 Bf5 7. Qf3 Bg6 8. Bxf6 Qxf6 9. Qxf6 gxf6 10. Nf3 Nd7 11. h4 Nb6 12. Nd2 Be7 13. Be2 Rg8 14. g3 Bf5 15. Rc1 Nc8 16. Bd1 h6 17. Bc2 Be6 18. Ne2 Bb4 19. Bd3 Nd6 20. Nf4 Bf5 21. Bxf5 Nxf5 22. Ke2 Bxd2 23. Kxd2 a5 1/2-1/2

[Event "1000GM NY Winter IM-C 2024"]
[Site "New York"]
[Date "2024.01.15"]
[Round "7.8"]
[White "Mou, Iris"]
[Black "Hajnal, Zoltan"]
[Result "1-0"]
[ECO "C50"]
[WhiteElo "2128"]
[BlackElo "2383"]
[Annotator "RC"]
[PlyCount "161"]
[EventDate "2024.01.10"]
[EventType "swiss"]
[EventCountry "USA"]
[SourceTitle "playchess.com"]
[Source "ChessBase"]
[SourceQuality "1"]
[TimeControl "5400+30"]

1. e4 e5 2. Nf3 Nc6 3. Bc4 Bc5 4. d3 Nf6 5. Nc3 h6 6. O-O d6 7. Na4 Bb6 8. a3 O-O 9. h3 Be6 10. Bxe6 fxe6 11. c3 Qe8 12. b4 Nh5 13. Ra2 Nf4 14. Bxf4 Rxf4 15. Nxb6 axb6 16. Nh2 Qg6 17. a4 Rff8 18. Qe2 Qf7 19. g3 Ne7 20. Qe3 Ng6 21. h4 Kh7 22. Kg2 Ra7 23. Rfa1 Rfa8 24. c4 Qe8 25. Qf3 Kg8 26. Qd1 Ne7 27. b5 Ng6 28. Qe1 Nf8 29. a5 Nd7 30. Qd2 Nc5 31. axb6 Rxa2 32. Rxa2 cxb6 33. Rxa8 Qxa8 34. d4 exd4 35. Qxd4 Qb8 36. Nf3 Qc7 37. e5 dxe5 38. Nxe5 Nb3 39. Qe4 Nd2 40. Qf4 Kh7 41. g4 Kg8 42. Qd4 Nb3 43. Qe3 Nd2 44. f4 Qd6 45. Kf2 Nb1 46. Nd3 Na3 47. Qe4 Nc2 48. h5 Qd4+ 49. Qxd4 Nxd4 50. Ne5 Nb3 51. Nd7 Kf7 52. Nxb6 Nc5 53. Ke3 Ke7 54. Kd4 Nb3+ 55. Ke5 Nc5 56. f5 Nd3+ 57. Ke4 Nf2+ 58. Kf3 Nd3 59. Ke3 Ne5 60. Kf4 Nd3+ 61. Ke3 Ne5 62. fxe6 Kxe6 63. Kf4 Nd3+ 64. Ke4 Ne5 65. Kf4 Nd3+ 66. Ke4 Ne5 67. Na4 Nxg4 68. Nc5+ Kd6 69. Nxb7+ Kc7 70. Nc5 Nf6+ 71. Ke5 Nxh5 72. Ne4 g5 73. c5 Nf4 74. Nf6 Nd3+ 75. Kd4 Nf4 76. c6 h5 77. Ne8+ Kb6 78. Ke5 Nd3+ 79. Kd6 Nb4 80. c7 Kb7 81. Kd7 1-0

[Event "1000GM NY Winter IM-C 2024"]
[Site "New York"]
[Date "2024.01.15"]
[Round "7.9"]
[White "Venkatesh, Narayan"]
[Black "Pressman, Leif"]
[Result "0-1"]
[ECO "D35"]
[WhiteElo "1965"]
[BlackElo "2258"]
[Annotator "RC"]
[PlyCount "158"]
[EventDate "2024.01.10"]
[EventType "swiss"]
[EventCountry "USA"]
[SourceTitle "playchess.com"]
[Source "ChessBase"]
[SourceQuality "1"]
[TimeControl "5400+30"]

1. d4 d5 2. c4 e6 3. Nc3 c6 4. cxd5 exd5 5. Bf4 Bd6 6. Bxd6 Qxd6 7. e3 Bf5 8. Bd3 Bxd3 9. Qxd3 Nf6 10. Nf3 Nbd7 11. O-O O-O 12. Rac1 a5 13. Qc2 Rfe8 14. a3 Ne4 15. Nxe4 dxe4 16. Nd2 Qd5 17. Qb3 Qxb3 18. Nxb3 Nf6 19. Nc5 Re7 20. Na4 Nd5 21. Rc5 Kf8 22. b3 Re6 23. Rc2 f5 24. Nc3 Rd6 25. Nxd5 Rxd5 26. Rc3 Ke7 27. Rfc1 Kd6 28. Rc5 g6 29. Rxd5+ cxd5 30. Kf1 g5 31. Ke2 Rf8 32. Rc3 h5 33. a4 h4 34. g3 Rh8 35. Rc1 b6 36. Rc3 hxg3 37. hxg3 Rh1 38. Kd2 Rb1 39. Ke2 Rh1 40. Kd2 Rh3 41. Rc8 f4 42. gxf4 gxf4 43. Rd8+ Kc6 44. Rc8+ Kd7 45. Rc3 Rh2 46. Ke1 Rh1+ 47. Kd2 Rh2 48. Ke1 f3 49. Rc1 Kd6 50. Rc2 Ke6 51. Rc6+ Ke7 52. Rxb6 Rh1+ 53. Kd2 Rf1 54. Rb5 Rxf2+ 55. Kd1 Rh2 56. Ke1 Re2+ 57. Kf1 Kd6 58. Rb6+ Kc7 59. Rb5 Kd6 60. Rxa5 Rxe3 61. Ra6+ Kd7 62. Rf6 Rxb3 63. a5 Ra3 64. a6 Ke7 65. Rf5 Ke6 66. Re5+ Kd6 67. Rf5 Ra4 68. Kf2 Rxd4 69. Rf7 Ra4 70. Ke3 Ra3+ 71. Kf2 Kc5 72. a7 Ra2+ 73. Kf1 Kd4 74. Kg1 Ke3 75. Kh1 d4 76. Rb7 d3 77. Rb1 Rxa7 78. Rb2 d2 79. Rb1 Kf2 0-1

[Event "1000GM NY Winter IM-C 2024"]
[Site "New York"]
[Date "2024.01.15"]
[Round "8.1"]
[White "Rohde, Michael"]
[Black "Goktepe, Derin"]
[Result "1-0"]
[ECO "E54"]
[WhiteElo "2333"]
[BlackElo "2187"]
[Annotator "ChessBase"]
[PlyCount "73"]
[EventDate "2024.01.10"]
[EventType "swiss"]
[EventCountry "USA"]
[SourceTitle "playchess.com"]
[Source "ChessBase"]
[SourceQuality "1"]
[TimeControl "5400+30"]

1. Nf3 Nf6 2. c4 e6 3. Nc3 d5 4. d4 Bb4 5. e3 O-O 6. Bd3 dxc4 7. Bxc4 c5 8. O-O cxd4 9. exd4 b6 10. Ne5 Bb7 11. Bg5 Nbd7 12. Qe2 Be7 13. Rad1 h6 14. Bh4 Ne4 15. Nxe4 Bxh4 16. Nd6 Bd5 17. Bxd5 exd5 18. Qf3 Qc7 19. Nf5 Bf6 20. Nxh6+ Kh7 21. Qd3+ g6 22. Nhxf7 Nxe5 23. Nxe5 Bxe5 24. dxe5 Qxe5 25. Qxd5 Qxb2 26. Qb7+ Kh8 27. Rd3 Qg7 28. Rd7 Qf6 29. Qc7 Rae8 30. Qg3 Rf7 31. Rd6 Re6 32. Qh3+ Kg8 33. Qxe6 Qf4 34. Qxg6+ Kf8 35. Rd8+ Ke7 36. Rd3 Rf6 37. Re1+ 1-0